 Dungeon Crawl Stone Soup version 0.29.1-1-gd02db6906a (webtiles) character file.

Game seed: 14539066750495748407

29 lonewolfV2 the Chopper (level 3, -18/33 HPs)
             Began as a Minotaur Berserker on Oct 14, 2022.
             Was a Believer of Trog.
             Killed by an exploding giant cockroach (51 damage)
             ... ignited by their inner flame
             ... on level 2 of the Dungeon.
             The game lasted 00:01:37 (855 turns).

lonewolfV2 the Chopper (Minotaur Berserker)          Turns: 855, Time: 00:01:37

Health: -18/33     AC:  3    Str: 23    XL:     3   Next: 1%
Magic:  2/2        EV: 12    Int:  4    God:    Trog [**....]
Gold:   13         SH:  0    Dex:  9    Spells: 2/2 levels left

rFire   . . .      SeeInvis .   g - +3 hand axe
rCold   . . .      Faith    .   (no shield)
rNeg    . . .      Spirit   .   b - +1 animal skin
rPois   .          Reflect  .   (helmet restricted)
rElec   .          Harm     .   (no cloak)
rCorr   .          Rampage  .   (no gloves)
Will    .....                   (no boots)
Stlth   +.........              (no amulet)
HPRegen 0.11/turn               (no ring)
MPRegen 0.08/turn               (no ring)

@: no status effects
A: horns 2, retaliatory headbutt
a: Renounce Religion, Berserk, Trog's Hand


You were on level 2 of the Dungeon.
You worshipped Trog.
Trog was pleased with you.
You visited 1 branch of the dungeon, and saw 2 of its levels.

You collected 13 gold pieces.

Inventory:

Hand Weapons
 g - a +3 hand axe (weapon)
Armour
 b - a +1 animal skin (worn)
Potions
 c - a potion of lignification
 e - a potion of curing {unknown}
 f - 2 potions of cancellation
 h - a potion of brilliance {unknown}


   Skills:
 + Level 4.2 Fighting
 + Level 4.2 Axes
 + Level 2.8 Armour
 + Level 2.5 Dodging


You had 2 spell levels left.
You didn't know any spells.
Your spell library was empty.

Dungeon Overview and Level Annotations

Branches:
Dungeon (2/15)

Altars:


Innate Abilities, Weirdness & Mutations

You have a pair of horns on your head.
You reflexively headbutt those who attack you in melee.


Message History

You see here a +0 club.
d - a scroll labelled SOCIRY RANA You see here a +0 club.
You open the door.
There is an open door here.
There is an open door here.
Key pressed, stopping explore.
Done exploring.
Done exploring.
Done exploring.
Done exploring.
Done exploring.
There is a stone staircase leading down here.
You climb downwards.
Found a robe and a scroll of identify.
There is a stone staircase leading up here.
Found a glowing ruby potion.
Found a club.
e - a glowing ruby potion
Found 7 stones.
i - a scroll of identify A giant cockroach comes into view.
A giant cockroach is nearby!
A giant cockroach is nearby!
As you read the scroll of identify, it crumbles to dust.
c - a potion of lignification
As you read the scroll labelled DIUH OROIMEMM, it crumbles to dust.
The creatures around you are filled with an inner flame!
It was a scroll of immolation.
As you read the scroll labelled SOCIRY RANA, it crumbles to dust.
It is a scroll of enchant armour.
Your +0 animal skin glows green for a moment.
Found a stone staircase leading down.
The giant cockroach bites you but does no damage.
You slash the giant cockroach! Trog accepts your kill.
The giant cockroach explodes!
The fiery explosion engulfs you!!!
Ouch! That really hurt!
You die...

#.###..###..#.
#.............
#####..####...
#..######.
#.....(...
##.####### #.#
###.#########.#
>....ยงยง@......#
.##############


There were no monsters in sight!

Vanquished Creatures
  2 bats (D:1)
  2 endoplasms (D:1)
  6 giant cockroaches
  2 goblins (D:1)
  2 hobgoblins (D:1)
  3 kobolds (D:1)
  4 ball pythons (D:1)
  4 frilled lizards (D:1)
  2 rats (D:1)
27 creatures vanquished.

Notes
Turn   | Place    | Note
-------+----------+-------------------------------------------
     0 | D:1      | lonewolfV2 the Minotaur Berserker began the quest for the
                  | Orb.
     0 | D:1      | Reached XP level 1. HP: 19/19 MP: 0/0
   210 | D:1      | Reached XP level 2. HP: 25/27 MP: 1/1
   508 | D:1      | Reached ** piety under Trog
   685 | D:1      | Reached XP level 3. HP: 33/33 MP: 2/2
   855 | D:2      | Killed by an exploding giant cockroach... ignited by their
                  | inner flame

Illustrated notes

Levels and vault maps discovered:
D:1:      dpeg_arrival_solitude, layout_basic, amcnicky_mini_pool_small,
          minmay_split_cup_small
D:2:      layout_loops_ring

Skill      XL: |  1  2 |
---------------+-------+-----
Fighting       | 4 |  4.2
Axes           | 4 |  4.2
Armour         | |  2.8
Dodging        | |  2.5

Action                   || total
-------------------------++-------
Melee: Hand axe          ||    40
       Headbutt          ||     6
  Use: Scroll            ||     6
Armor: Animal skin       ||    11
Dodge: Dodged            ||    31
